 Dungeon Crawl Stone Soup version 0.32-a0-656-g3542139ebd (webtiles) character file.

Game seed: 14218506309761283759

63 Khashishi the Trooper (level 3, -8/29 HPs)
             Began as a Mummy Monk on Mar 8, 2024.
             Mangled by Crazy Yiuf
             ... wielding a +2 quarterstaff of chaos
              (12 damage)
             ... on level 2 of the Dungeon.
             The game lasted 00:03:02 (882 turns).

Khashishi the Trooper (Mummy Monk)                   Turns: 882, Time: 00:03:03

Health: -8/29      AC:  3    Str: 16    XL:     3   Next: 89%
Magic:  3/3        EV: 13    Int:  9    God:
Gold:   100        SH:  0    Dex: 14    Spells: 2/2 levels left

rFire   x . .        a - +0 spear
rCold   + . .        c - orb {light}
rNeg    + + +        b - +0 robe
rPois   ∞            (no helmet)
rElec   .            d - +0 cloak
rCorr   .            (no gloves)
SInv    .            (no boots)
Will    .....        f - amulet of magic regeneration
Stlth   +            (no ring)
HPRegen 0.24/turn    (no ring)
MPRegen 0.48/turn

%: faith
@: glowing
A: cold resistance 1, negative energy resistance 3, torment resistance 2, heat
vulnerability 1, in touch with death 1, no potions, faith
a: no special abilities


You were on level 2 of the Dungeon.
You visited 1 branch of the dungeon, and saw 2 of its levels.

You collected 100 gold pieces.

Inventory:

Hand Weapons
 a - a +0 spear (weapon)
Armour
 b - a +0 robe (worn)
 c - an orb of light (worn)
 d - a +0 cloak (worn)
Jewellery
 f - an amulet of magic regeneration (around neck)
 h - a ring of willpower
Scrolls
 e - a scroll of identify {unknown}
 g - a scroll of vulnerability {unknown}
 i - a scroll of revelation {unknown}


   Skills:
 + Level 3.5 Fighting
 + Level 2.9 Polearms
 + Level 1.2 Armour
 + Level 2.9 Dodging


You had 2 spell levels left.
You didn't know any spells.
Your spell library was empty.

Dungeon Overview and Level Annotations

Branches:
Dungeon (2/15)

Altars:

Annotations:
D:2 Crazy Yiuf


Innate Abilities, Weirdness & Mutations

You are immune to poison.
Your flesh is cold resistant. (rC+)
You are immune to negative energy. (rN+++)
You are immune to unholy pain and torment.
You are vulnerable to heat. (rF-)
You are in touch with the powers of death.
You do not drink.
You have a special connection with the divine. (Faith)


Message History

i - a scroll labelled HIEPPIDWEQ You see here a +0 whip.
Found a hammer.
Found a runed translucent door.
Crazy Yiuf shouts!
You open the door.
Crazy Yiuf says, "Flower Xom tortoise!"
You completely miss Crazy Yiuf. Crazy Yiuf barely misses you.
You hit Crazy Yiuf.
Crazy Yiuf is lightly wounded.
Crazy Yiuf hits you with a +2 quarterstaff of chaos.
You hit Crazy Yiuf.
Crazy Yiuf is heavily wounded.
Crazy Yiuf barely misses you.
You hit Crazy Yiuf but do no damage.
Crazy Yiuf is heavily wounded.
Crazy Yiuf flaps his cloak.
Crazy Yiuf hits you with a +2 quarterstaff of chaos!
You hit Crazy Yiuf but do no damage.
Crazy Yiuf is heavily wounded.
Crazy Yiuf completely misses you.
You hit Crazy Yiuf but do no damage.
Crazy Yiuf is heavily wounded.
Crazy Yiuf completely misses you.
You hit Crazy Yiuf.
Crazy Yiuf is severely wounded.
Crazy Yiuf closely misses you.
You barely miss Crazy Yiuf.
Crazy Yiuf is severely wounded.
Crazy Yiuf laughs, "Tonal snockshim action!"
Crazy Yiuf barely misses you.
You hit Crazy Yiuf.
Crazy Yiuf is almost dead.
Crazy Yiuf hits you with a +2 quarterstaff of chaos!
* * * LOW HITPOINT WARNING * * *
You convulse.
* * * LOW HITPOINT WARNING * * *
You hit Crazy Yiuf.
Crazy Yiuf is almost dead.
Crazy Yiuf hits you with a +2 quarterstaff of chaos!
You die...

####....###.......#
##..## #...#.#.#
♣....♣ ###.#.#.#
♣♣...♣ #.#.#.####
♣♣.♣♣ #........#
♣♣.♣ ########..
♣.♣♣ #..... ♣♣.♣
#.~~~. ♣@♣♣ #.~_~.
#g# #.~~~. ...
#..... #...# ######
#).*# . #####
######## # #......#
# #......# #
#......# #


You could see a boulder and Crazy Yiuf.

Vanquished Creatures
  Jessica (D:2)
  2 adders (D:2)
  A ball python (D:1)
  3 endoplasms
  A giant cockroach (D:1)
  A goblin (D:1)
  2 hobgoblins (D:1)
  2 jackals (D:2)
  3 bats
  A frilled lizard (D:2)
  A kobold (D:2)
  A rat (D:1)
19 creatures vanquished.

Vanquished Creatures (others)
  An endoplasm (D:1)
1 creature vanquished.

Grand Total: 20 creatures vanquished

Notes
Turn   | Place    | Note
-------+----------+-------------------------------------------
     0 | D:1      | Khashishi the Mummy Monk began the quest for the Orb.
     0 | D:1      | Reached XP level 1. HP: 18/18 MP: 1/1
   217 | D:1      | Reached XP level 2. HP: 24/24 MP: 2/2
   719 | D:2      | Found a faded altar of an unknown god.
   755 | D:2      | Noticed Jessica
   761 | D:2      | Reached XP level 3. HP: 26/29 MP: 3/3
   764 | D:2      | Killed Jessica
   765 | D:2      | Reached skill level 1 in Armour
   868 | D:2      | Found a runed translucent door.
   869 | D:2      | Noticed Crazy Yiuf
   882 | D:2      | Mangled by Crazy Yiuf

Illustrated notes

Levels and vault maps discovered:
D:1:      matt_arrival_grand_opening, layout_rooms, lemuel_flame_loot_1
D:2:      layout_basic, hellmonk_ecumenical_altar_pennies_from_heaven,
          minmay_misc_feat_tiny, uniq_jessica, uniq_crazy_yiuf_cottage

Skill      XL: |  1  2  3 |
---------------+----------+-----
Armour         | 1 |  1.2
Fighting       | |  3.5
Polearms       | |  2.9
Dodging        | |  2.9

Action                     || total
---------------------------++-------
  Melee: Spear             ||    78
    Use: Scroll            ||     1
 Armour: Robe              ||    29
  Dodge: Dodged            ||    41

Table legend: (Time is in decaauts)
 A = Elapsed time spent in this place.
 B = Non-inter-level travel time spent in this place.
 C = Inter-level travel time spent in this place.
 D = Time resting spent in this place.
 E = Time spent auto-exploring this place.
 F = Levels seen in this place.
 G = Mean time per level.
                   A        B        C        D        E       F      G
               +--------+--------+--------+--------+--------+-----+--------+
         Total |    885 |    859 |     26 |      0 |    607 |   2 |  442.5 |
       Dungeon |    885 |    859 |     26 |      0 |    607 |   2 |  442.5 |
               +--------+--------+--------+--------+--------+-----+--------+

Top non-repeatable levels by time:
     D:1: 471 daAuts
     D:2: 414 daAuts
